 Dungeon Crawl Stone Soup version 0.28.0-53-g5a82cb258f (webtiles) character file.

Game seed: 16530470556279497522

45 Zeld the Gusty (level 3, -2/19 HPs)
             Began as a Tengu Air Elementalist on June 7, 2022.
             Killed by divine providence
             ... invoked by an orc priest
              (12 damage)
             ... on level 3 of the Dungeon.
             The game lasted 00:01:10 (1364 turns).

Zeld the Gusty (Tengu Air Elementalist)             Turns: 1364, Time: 00:01:11

Health: -2/19      AC:  3    Str:  8    XL:     3   Next: 64%
Magic:  0/8        EV: 12    Int: 17    God:
Gold:   46         SH:  0    Dex: 14    Spells: 1/7 levels left

rFire   . . .      SeeInvis .   (no weapon)
rCold   . . .      Faith    .   (no shield)
rNeg    . . .      Spirit   .   a - +0 robe
rPois   .          Reflect  .   (helmet restricted)
rElec   .          Harm     .   (no cloak)
rCorr   .          Rampage  .   q - +0 pair of gloves
Will    .....                   (boots unavailable)
Stlth   ++........              (no amulet)
HPRegen 0.06/turn               (no ring)
MPRegen 0.11/turn               (no ring)

@: no status effects
A: beak, talons 3
a: no special abilities


You were on level 3 of the Dungeon.
You visited 1 branch of the dungeon, and saw 3 of its levels.

You collected 46 gold pieces.

Inventory:

Armour
 a - a +0 robe (worn)
 q - a +0 pair of gloves (worn)
Scrolls
 b - a scroll of amnesia {unknown}
 e - a scroll of fog {unknown}
 f - a scroll of teleportation {unknown}
Potions
 c - a potion of invisibility {unknown}
 d - a potion of curing {unknown}


   Skills:
 - Level 2.1 Dodging
 - Level 2.0 Stealth
 * Level 2.7 Spellcasting
 + Level 2.3 Conjurations
 * Level 4.9 Air Magic


You had one spell level left.
You knew the following spells:

 Your Spells              Type           Power      Damage    Failure   Level
a - Shock                 Conj/Air       56%        1d6       4%          1
b - Static Discharge      Conj/Air       14%        N/A       6%          2
c - Swiftness             Air            19%        N/A       7%          3

Your spell library contained the following spells:

 Spells                   Type           Power      Damage    Failure   Level
 Airstrike                Air            9%         N/A       24%         4
 Irradiate                Conj/Tmut      3%         3d14      97%         5
 Blade Hands              Tmut           1%         N/A       99%         5
 Dragon Form              Tmut           1%         N/A       100%        7


Dungeon Overview and Level Annotations

Branches:
Dungeon (3/15)

Altars:


Innate Abilities, Weirdness & Mutations

You have a beak for a mouth.
You have claws for feet.


Message History

Unknown command.
The zap misses the adder.
The zap hits the orc.
You kill the orc!
The zap hits the orc.
The orc is heavily wounded.
You feel sick. The adder closely misses you.
Unknown command.
The zap hits the adder.
You kill the adder!
The zap misses the orc.
The zap hits the orc priest.
The orc priest is heavily wounded.
You feel sick.
The orc priest calls upon Beogh to heal the orc.
The orc's wounds heal themselves!
The zap misses the orc.
The zap hits the orc priest but does no damage.
The orc priest is heavily wounded.
You feel sick.
You are no longer poisoned.
The orc throws a boomerang.
The boomerang hits you but does no damage.
The zap hits the orc.
The orc is lightly wounded.
The zap misses the orc priest.
The orc throws a boomerang.
The boomerang barely misses you.
Unknown command.
The zap hits the orc.
The orc is severely wounded.
The zap hits the orc priest but does no damage.
The orc priest is heavily wounded.
The orc priest looks encouraged for a moment.
Unknown command.
The zap hits the orc.
You kill the orc!
The zap hits the orc priest but does no damage.
The orc priest is heavily wounded.
The orc priest mumbles some strange prayers to Beogh against you.
Beogh smites you!
Ouch! That really hurt!
You die...

#...).#..........+ ..
#.....#..........###.
#.....#.....)......#.
#.....#.....##.......
##.####........###.#.
#.##....###.### #.#.
#....##.# #.# #.#.
#######.# # #...
#@....# .... #.#####
###. #######)## ..
.........# #.
.......o.# ##
.........# .........#
.........# .........#


You could see an orc priest.

Vanquished Creatures
  2 adders
  3 orcs (D:3)
  5 ball pythons
  4 endoplasms
  A giant cockroach (D:2)
  A goblin (D:2)
  A hobgoblin (D:2)
  A jackal (D:1)
  3 quokkas
  A frilled lizard (D:2)
  A rat (D:2)
23 creatures vanquished.

Notes
Turn   | Place    | Note
-------+----------+-------------------------------------------
     0 | D:1      | Zeld the Tengu Air Elementalist began the quest for the
                  | Orb.
     0 | D:1      | Reached XP level 1. HP: 10/10 MP: 4/4
   420 | D:2      | Reached XP level 2. HP: 15/15 MP: 4/6
   974 | D:2      | Reached XP level 3. HP: 19/19 MP: 5/7
   977 | D:2      | Learned a level 2 spell: Static Discharge
   981 | D:2      | Learned a level 3 spell: Swiftness
  1364 | D:3      | Killed from afar by an orc priest

Illustrated notes

Levels and vault maps discovered:
D:1:      dpeg_arrival_rooms_a, layout_rooms, serial_forest,
          infiniplex_forest_straight_1, infiniplex_forest_clump_small,
          infiniplex_forest_zigzag_1, infiniplex_forest_straight_4,
          infiniplex_forest_end_1, dilly_ecumenical_altar_fadedgnrine,
          st_stairs_13
D:2:      layout_basic, moated_statue
D:3:      layout_basic, nicolae_concentric_dashed_squares_mild,
          grunt_decor_resistance

Skill      XL: |  1  2 |
---------------+-------+-----
Conjurations   | 2 |  2.3
Dodging        | |  2.1
Stealth        | |  2.0
Spellcasting   | |  2.7
Air Magic      | |  4.9

Action                   || total
-------------------------++-------
Melee: Unarmed           ||    15
       Peck              ||     2
       Kick              ||     3
 Cast: Shock             ||    50
Armor: Robe              ||     9
Dodge: Dodged            ||    18
